 Dungeon Crawl Stone Soup version 0.24-a0-584-g9d6b971ae4 (webtiles) character file.

Game seed: 12644269137452751201, levelgen mode: deterministic

20 GordonOverkill the Firebug (level 2, 0/21 HPs)
             Began as a Barachi Fire Elementalist on Aug 29, 2019.
             Slain by a gnoll
             ... wielding a +0 flail
              (6 damage)
             ... on level 2 of the Dungeon.
             The game lasted 00:02:18 (1394 turns).

GordonOverkill the Firebug (BaFE)                   Turns: 1394, Time: 00:02:19

Health: 0/21       AC:  9    Str:  9    XL:     2   Next: 79%
Magic:  1/5        EV: 12    Int: 15    God:
Gold:   33         SH:  0    Dex: 12    Spells: 4/5 levels left

rFire    . . .     SeeInvis .   k - +2 mace (protect)
rCold    . . .     Gourm    .   (no shield)
rNeg     . . .     Faith    .   a - +0 robe
rPois    .         Spirit   .   (no helmet)
rElec    .         Reflect  .   (no cloak)
rCorr    .         Harm     .   (no gloves)
MR       .....                  (no boots)
Stlth    ++........             (no amulet)
HPRegen  0.07/turn              (no ring)
MPRegen  0.09/turn              (no ring)

@: protection aura, slow
A: +LOS, swims, slowness 1, strong legs 1
a: Hop


You were on level 2 of the Dungeon.
You were not hungry.

You visited 1 branch of the dungeon, and saw 2 of its levels.

You collected 33 gold pieces.

Inventory:

Hand Weapons
 d - a +0 dagger
 h - a +0 hunting sling
 k - a +2 mace of protection (weapon)
Missiles
 i - 38 stones (quivered)
Armour
 a - a +0 robe (worn)
Jewellery
 f - an uncursed ring of protection from fire {unknown}
Scrolls
 b - a scroll of noise {unknown}
 e - 2 scrolls of remove curse {unknown}
 g - a scroll of identify {unknown}
 o - a scroll of teleportation {unknown}
Potions
 j - a potion of might {unknown}
 l - a potion of cancellation {unknown}
 m - 2 potions of curing {unknown}
Comestibles
 c - a ration


   Skills:
 + Level 1.0 Fighting
 + Level 2.3 Dodging
 - Level 2.0 Stealth
 + Level 2.3 Spellcasting
 * Level 1.6 Conjurations
 * Level 3.6 Fire Magic


You had 4 spell levels left.
You knew the following spells:

 Your Spells              Type           Power        Failure   Level  Hunger
a - Flame Tongue          Conj/Fire      #....        8%          1    #......

Your spell library contained the following spells:

 Spells                   Type           Power        Failure   Level  Hunger
 Throw Flame              Conj/Fire      #.....       11%         2    ###....
 Conjure Flame            Conj/Fire      #.......     22%         3    ###....
 Inner Flame              Hex/Fire       #.......     30%         3    ###....
 Sticky Flame             Conj/Fire      #.......     58%         4    #####..
 Fireball                 Conj/Fire      #.........   90%         5    ######.


Dungeon Overview and Level Annotations

Branches:
Dungeon (2/15)

Altars:
Okawaru


Innate Abilities, Weirdness & Mutations

Shadows flee at your approach. (+LOS)
You can swim through water.
You cover ground slowly.
You can hop short distances.


Message History

Casting: Flame Tongue (safe; 8% risk of failure)
Confirm with . or Enter, or press ? or * to list all spells.
You don't have enough magic to cast that spell.
Casting: Flame Tongue (safe; 8% risk of failure)
Confirm with . or Enter, or press ? or * to list all spells.
You don't have enough magic to cast that spell.
Casting: Flame Tongue (safe; 8% risk of failure)
Confirm with . or Enter, or press ? or * to list all spells.
You don't have enough magic to cast that spell.
You closely miss the gnoll.
The gnoll is severely wounded.
The gnoll closely misses you. The gnoll hits you.
A gnoll comes into view. It is wielding a +0 spear.
You barely miss the gnoll. The gnoll hits you.
* * * LOW HITPOINT WARNING * * *
You hit the gnoll but do no damage.
Your weapon exudes an aura of protection.
The gnoll is severely wounded.
The gnoll hits you with a +0 flail.
You die...

## ###g#.####
#######
#.........
##.....# ###.###
......# #.....#
#.##..#####g###.#
#.#.....@gg.# ...
#.....#####.# ###
###...# #...
#.####...# ###.#
#........# .#
######...# #
####รท<.#######
#....)........
#..[......###.


You could see 3 gnolls.

Vanquished Creatures
  A dart slug (D:1)
  A leopard gecko (D:2)
  3 bats
  A giant cockroach (D:1)
  4 goblins (D:1)
  2 hobgoblins (D:1)
  A frilled lizard (D:1)
  3 kobolds
16 creatures vanquished.

Notes
Turn   | Place    | Note
-------+----------+-------------------------------------------
     0 | D:1      | GordonOverkill the Barachi Fire Elementalist began the
                  | quest for the Orb.
     0 | D:1      | Reached XP level 1. HP: 13/13 MP: 3/3
   254 | D:1      | Reached XP level 2. HP: 20/20 MP: 1/5
   328 | D:1      | Found an iron altar of Okawaru.
  1152 | D:1      | Reached skill level 1 in Fighting
  1394 | D:2      | Slain by a gnoll

Levels and vault maps discovered:
D:1:      dpeg_arrival_boxorama, layout_basic, serial_forest,
          infiniplex_forest_clump_tiny, infiniplex_forest_lined_3_way,
          infiniplex_forest_lined_room_3, infiniplex_forest_straight_3,
          infiniplex_forest_clump_long, infiniplex_forest_lined_room_3,
          infiniplex_forest_end_3, infiniplex_forest_fountain,
          infiniplex_forest_clump_small, minmay_misc_feat_enclosed,
          okawaru_ov_weapons_minmay
D:2:      layout_loops_ring, grunt_ministairs_3

Skill      XL: |  1  2 |
---------------+-------+-----
Stealth        | 2 |  2.0
Fighting       | 1 |  1.0
Dodging        | |  2.3
Spellcasting   | |  2.3
Conjurations   | |  1.6
Fire Magic     | |  3.6

Action                   || total
-------------------------++-------
Melee: Mace              ||     9
 Fire: Hunting sling     ||     7
 Cast: Flame Tongue      ||    41
  Eat: Chunk             ||     2
Armor: Robe              ||     7
Dodge: Dodged            ||    23

Table legend:
 A = Non-vault XP
 B = Vault XP
 C = Vault XP percentage of total XP
 D = Non-vault monster count
 E = Vault monster count
 F = Vault count percentage of total count
                 A         B        C        D         E       F
            +---------+---------+-------+---------+---------+-------
      Total |      29 |       0 |   0.0 |      16 |       0 |   0.0
            +---------+---------+-------+---------+---------+-------
        D:1 |      24 |       0 |   0.0 |      13 |       0 |   0.0
        D:2 |       5 |       0 |   0.0 |       3 |       0 |   0.0
            +---------+---------+-------+---------+---------+-------
